[Event "Early-Titled-Tuesday-Blitz-December-26-2023"]
[Site "Chess.com"]
[Date "2023.12.26"]
[Round "4"]
[White "Vincent_Vega95"]
[Black "CSB7"]
[Result "1-0"]
[WhiteElo "2859"]
[BlackElo "2688"]
[TimeControl "180+1"]
[EndTime "8:40:05 PST"]
[Termination "Vincent_Vega95 won by resignation"]

1. Nf3 d5 2. g3 Nc6 3. Bg2 e5 4. d3 Nf6 5. Bg5 Be7 6. O-O O-O 7.
Nc3 d4 8. Bxf6 Bxf6 9. Ne4 Be7 10.
c3 f5 11. Ned2 Be6 12. cxd4 exd4 13. Rc1 a5 14. a4 Kh8 15. Nb3 Bd5 16. Ne1 Bb4 17.
Nc5 Rb8 18. Bxd5 Qxd5 19. Qb3 Qxb3 20. Nxb3 Rfe8 21. Rc2 Rbd8 22. Nf3 Rd5 23. Rfc1 Kg8 24. Kf1 Kf7 25. Rc4 Red8 26. Nc5 Bxc5 27. Rxc5 Rxc5 28.
Rxc5 Kf6 29. h3 Rd6 30. g4 fxg4 31. hxg4 h6 32. g5+ hxg5 33. Nxg5 Ke7 34. Ne4 Rh6 35.
Rg5 Rh1+ 36. Kg2 Rb1 37. Rxg7+ Kd8 38. f4 Rxb2 39. Kf3 b5 40. Nc5 bxa4 41. Nxa4 Rb5 42. Rg5 Rb4 43. Nc5 a4 44. Rg6 Ne7 45. Ra6 Nd5 46.
Rxa4 Rxa4 47. Nxa4 Ke7 48. Nb2 c5 49. Nc4 Ke6 50. e4 dxe3 51. Nxe3 Ne7 52. Ke4 Ng8 53.
f5+ Kd6 54. Ng4 Kd7 55. Kd5 Ne7+ 56. Ke5 Nc6+ 57. Ke4 Kd6 58. Ne3 Ne7 59. Nc4+ Kd7 60. Ke5 Nc6+ 61. Ke4 Ke7 62. Ne5 Nb4 63. Ng4 Nc6 64.
Kd5 Nb4+ 65. Kc4 Nc6 66. Kxc5 Na5 67. d4 Nb3+ 68. Kd5 Nd2 69. Ke5 Nc4+ 70. Ke4 Kd6 71.
f6 Ke6 72. d5+ Kf7 73. Ne5+ Nxe5 74. Kxe5 1-0

[Event "Early-Titled-Tuesday-Blitz-December-26-2023"]
[Site "Chess.com"]
[Date "2023.12.26"]
[Round "4"]
[White "vugarrasulov"]
[Black "Iskusnyh"]
[Result "1-0"]
[WhiteElo "2927"]
[BlackElo "2621"]
[TimeControl "180+1"]
[EndTime "8:40:07 PST"]
[Termination "vugarrasulov won on time"]

1. d4 d5 2. c4 c6 3. Nc3 Nf6 4. Nf3 e6 5. g3 Nbd7 6. Bg2 dxc4 7. a4 Bb4 8. O-O O-O 9. Qc2 Qe7 10. a5 e5 11. dxe5 Nxe5 12. a6 Nxf3+ 13. Bxf3 bxa6 14. Bxc6 Bb7 15. Bxb7 Qxb7 16. Bg5 Be7 17. e4 Rad8 18. Ra2 h6 19. Bxf6 Bxf6 20. Nd5 Qb3 21. Qxb3 cxb3 22. Rxa6 Bxb2 23. Rb1 Bd4 24. Ra4 Bc5 25. Rxb3 f5 26.
Rb5 Bb6 27. Nxb6 axb6 28. exf5 Rf6 29. Kg2 Rdf8 30. g4 g6 31. Rf4 gxf5 32. Rfxf5 Rxf5 33. gxf5 Rf6 34. Kf3 Kf7 35. Ke4 Rc6 36. Rd5 Kf6 37. Kf4 Rc4+ 38. Kg3 h5 39. Rd6+ Kxf5 40. Rxb6 Rg4+ 41. Kh3 Ra4 42. Rb5+ Kg6 43. f3 Rc4 44. Kg3 Rd4 45. h4 Rc4 46. Rb6+ Kg7 47. Re6 Rd4 48. Re4 Rd5 49. Kf4 Kf6 50. Ra4 Rf5+ 51. Kg3 Rb5 52.
Ra6+ Kg7 53. Re6 Rb4 54. Re5 Kg6 55. Rg5+ Kh6 56. f4 Rb3+ 57. Kg2 Rb2+ 58. Kf3 Rb3+ 59.
Ke4 Rh3 60. Ke5 Rxh4 61. Rg8 Rh1 62. Kf6 Kh7 63. Rg7+ Kh6 64. f5 Ra1 65. Re7 h4 66. Re8 Kh5 67. Rh8+ Kg4 68. Rg8+ Kf4 69. Kg6 h3 70.
Rh8 Rg1+ 71. Kf6 Rg5 72. Rh4+ Rg4 73. Rxh3 Rg8 74. Rh4+ Kg3 75. Ra4 Rf8+ 76. Kg6 Rxf5 77. Kxf5 1-0

[Event "Early-Titled-Tuesday-Blitz-December-26-2023"]
[Site "Chess.com"]
[Date "2023.12.26"]
[Round "4"]
[White "Legendinunknown"]
[Black "MrrRefrao"]
[Result "1/2-1/2"]
[WhiteElo "2703"]
[BlackElo "2553"]
[TimeControl "180+1"]
[EndTime "8:40:07 PST"]
[Termination "Game drawn - insufficient material"]

1. e4 g6 2. d4 Bg7 3. Nf3 d6 4. Bc4 Nf6 5. Qe2 Nc6 6. c3 O-O 7. O-O Bg4 8. h3 Bxf3 9. Qxf3 e5 10. Be3 Kh8 11. Na3 Nd7 12. Qd1 f5 13. exf5 gxf5 14.
dxe5 Ndxe5 15. f4 Nxc4 16. Nxc4 d5 17. Na3 d4 18. cxd4 Nxd4 19. Kh2 Qd5 20. Rc1 c5 21. b3 Rae8 22. Re1 Re4 23. Nb5 a6 24. Nc3 Qd6 25. Nxe4 fxe4 26. Kh1 b6 27. b4 Rc8 28. bxc5 bxc5 29.
Qd2 Qd5 30. Bg1 Bf6 31. Rcd1 Qc6 32. Qc1 Qd5 33. Qb1 Re8 34. Be3 Qe6 35. Qc1 Qd5 36. Bf2 Rg8 37. Qe3 Qxa2 38. Rd2 Qa5 39. Red1 Re8 40.
g4 Qc7 41. Kg2 Qe7 42. Bg3 Bg7 43. Ra2 Qb7 44. f5 Qb6 45. Rf2 Qb3 46. Qxb3 Nxb3 47. f6 Bh6 48. h4 e3 49. Re2 Nd4 50. Ree1 e2 51. Rd3 Nc2 52. g5 Nxe1+ 53. Bxe1 Bf8 54. Kf3 Kg8 55. Rd2 c4 56. Rxe2 Rxe2 57. Kxe2 Kf7 58.
Kf3 h6 59. Kg4 hxg5 60. hxg5 Kg6 61. Bc3 Bc5 62. Bd2 Bb6 63. Kf3 a5 64. Ke4 a4 65.
Kd5 Bf2 66. Ke6 a3 67. f7 Bc5 68. Be3 Bf8 69. Bd4 Kxg5 70. Kd5 Kg6 71. Kxc4 Kxf7 72. Kb3 Ke6 73. Bb2 a2 74. Kxa2 1/2-1/2

[Event "Early-Titled-Tuesday-Blitz-December-26-2023"]
[Site "Chess.com"]
[Date "2023.12.26"]
[Round "4"]
[White "secrethawk1"]
[Black "djokovic74"]
[Result "1-0"]
[WhiteElo "2444"]
[BlackElo "2639"]
[TimeControl "180+1"]
[EndTime "8:40:10 PST"]
[Termination "secrethawk1 won by checkmate"]

1. e4 e6 2. d4 d5 3. Nc3 dxe4 4. Nxe4 Bd7 5. Nf3 Bc6 6. Bd3 Nd7 7. c3 Ngf6 8. Qe2 Be7 9. O-O O-O 10. b4 Bxe4 11. Bxe4 Nxe4 12. Qxe4 c6 13. Ne5 Nxe5 14. Qxe5 Qd5 15. Qxd5 cxd5 16. Bf4 Rfc8 17. Rac1 Rc4 18. Bd2 h6 19. Rfe1 a5 20. bxa5 Rxa5 21. Rc2 Rca4 22.
Ra1 Rb5 23. Kf1 f6 24. Ke2 Kf7 25. Kd3 e5 26. f3 Ke6 27. Re1 Bd8 28. Bf4 g5 29.
Bg3 Bc7 30. Rce2 Ra3 31. dxe5 f5 32. Bf2 Rba5 33. Ra1 b5 34. Bc5 R3a4 35. a3 Rc4 36. Bb4 Ra8 37. g3 f4 38. g4 h5 39. gxh5 d4 40.
Rg1 dxc3 41. Rxg5 c2 42. Rg6+ Kd5 43. Rxc2 Bxe5 44. Rb6 Rxc2 45. Kxc2 Kc4 46. Rc6+ Kd5 47. Rc5+ Kd4 48. Rxb5 Rc8+ 49. Kd2 Bc7 50. Bc3+ Kc4 51.
Rb4+ Kd5 52. Rd4+ Kc5 53. h6 Re8 54. h7 Be5 55. Re4 Bxc3+ 56. Kxc3 Rh8 57. Re7 Kd6 58. Rg7 Ke6 59. a4 Kf6 60. Ra7 Kg6 61. a5 Rxh7 62. Rxh7 Kxh7 63. a6 Kg6 64. a7 Kg5 65. a8=Q Kh4 66.
Qh8+ Kg5 67. Qe5+ Kh4 68. Qxf4+ Kh3 69. Qg3# 1-0

[Event "Early-Titled-Tuesday-Blitz-December-26-2023"]
[Site "Chess.com"]
[Date "2023.12.26"]
[Round "4"]
[White "NovozhilovSemen"]
[Black "Suleyman_Chess06"]
[Result "0-1"]
[WhiteElo "2759"]
[BlackElo "2613"]
[TimeControl "180+1"]
[EndTime "8:40:12 PST"]
[Termination "Suleyman_Chess06 won by checkmate"]

1. d4 Nf6 2. Nf3 d5 3. c4 c6 4. Qc2 g6 5. e3 Bg7 6. b3 O-O 7.
Bd3 Nbd7 8. O-O Re8 9. Bb2 a5 10. a3 a4 11. bxa4 dxc4 12. Bxc4 Nb6 13. Bb3 Bf5 14. Qd1 Be4 15. Nc3 Bf5 16. Ne5 Nfd5 17. e4 Bxe5 18. exd5 Bg7 19. dxc6 bxc6 20. Qf3 Qxd4 21.
Rfd1 Qf6 22. Rac1 Qg5 23. h3 Reb8 24. Ba1 c5 25. Ne4 Qh4 26. Ng3 c4 27. Nxf5 gxf5 28.
Bc2 Bxa1 29. Rxa1 e6 30. Rab1 Nd5 31. Bxf5 Rxb1 32. Bxb1 Rxa4 33. Re1 c3 34. Qd3 Rd4 35. Qf3 Qg5 36. Kh1 Rd2 37. Qe4 Qg7 38. Rf1 Rd4 39. Qc2 Rd2 40. Qe4 h5 41. a4 Rd4 42.
Qc2 Nf4 43. Rg1 Rd2 44. Qe4 Ne2 45. Re1 Nd4 46. a5 c2 47. Bxc2 Nxc2 48. a6 Nxe1 49. a7 Ra2 50. a8=Q+ Rxa8 51. Qxa8+ Qf8 52. Qe4 Nxg2 53.
Qxg2+ Qg7 54. Qf3 Qg6 55. Qa8+ Kg7 56. Qa1+ Qf6 57. Qg1+ Qg6 58. Qe1 Qf5 59. Kg2 Kf6 60.
Qc3+ Qe5 61. Qf3+ Ke7 62. Qa3+ Kf6 63. Qf3+ Kg6 64. Qa3 Qd5+ 65. Kh2 Qe5+ 66. Kg1 Qg5+ 67. Kh2 Qf5 68. Kg2 h4 69. Qb4 Qg5+ 70. Kh2 Kf6 71. Qd4+ Qe5+ 72. Qxe5+ Kxe5 73. Kg2 Kf4 74. Kg1 Kf3 75. Kf1 f5 76. Kg1 f4 77. Kf1 e5 78. Kg1 Ke2 79. Kg2 f3+ 80. Kg1 e4 81. Kh2 Kxf2 82. Kh1 e3 83. Kh2 e2 84. Kh1 e1=Q+ 85.
Kh2 Qg1# 0-1

[Event "Early-Titled-Tuesday-Blitz-December-26-2023"]
[Site "Chess.com"]
[Date "2023.12.26"]
[Round "4"]
[White "Jospem"]
[Black "Szparu"]
[Result "1-0"]
[WhiteElo "3075"]
[BlackElo "2869"]
[TimeControl "180+1"]
[EndTime "8:40:13 PST"]
[Termination "Jospem won by resignation"]

1. e4 e6 2. d4 d5 3. Nd2 Be7 4. Ngf3 Nf6 5. e5 Nfd7 6. Bd3 c5 7. c3 Nc6 8. O-O a5 9. a4 cxd4 10. cxd4 Qb6 11. Nb3 Nb4 12. Bb1 Qd8 13. Re1 b6 14. Nbd2 Ba6 15. Nf1 Nb8 16. Ng3 N8c6 17. Nh5 Kd7 18. Ra3 Kc7 19. h3 g6 20. Nf4 h5 21.
Ne2 g5 22. Nh2 g4 23. hxg4 hxg4 24. Nxg4 Kb7 25. Rg3 Rh4 26. Nf4 Qc7 27. Nh3 Rg8 28. Be3 Rgh8 29. Qf3 Nd3 30. Rd1 Nxb2 31. Rc1 Bb4 32.
Bg5 R4h5 33. Nf6 Rxg5 34. Nxg5 Nc4 35. Nxd5 exd5 36. Qxd5 Rd8 37. Qxf7 Nxd4 38. Be4+ Kb8 39. Qxc7+ Kxc7 40. Bd3 Bd2 41. Rxc4+ Bxc4 42. Bxc4 Kc6 43. Ne4 Bf4 44. Rg6+ Kc7 45. e6 Nc6 46. g3 Be5 47. Bb5 Ne7 48. Rg5 Rd5 49. Rh5 Bb2 50. Rh7 Kd8 51.
Kg2 Be5 52. Ng5 Bf6 53. Nf7+ Kc7 54. Rh6 Bg7 55. Rh1 Rc5 56. Rd1 Nd5 57. e7 Nxe7 58. Rd7+ Kc8 59. Rxe7 Bf6 60. Re8+ Kc7 61. Re6 Bd4 62.
Nd6 Rc2 63. Ne4 Bb2 64. Re7+ Kd8 65. Rd7+ Kc8 66. Nd6+ Kb8 67. Rb7+ Ka8 68. Rf7 Be5 69. Nc4 Bd4 70. g4 Kb8 71. g5 Re2 72. Nxb6 Re4 73. Nd7+ Kc8 74. Kf3 Rh4 75. Nf6 Rh3+ 76. Kg4 Rh2 77. f4 Rg2+ 78. Kf5 Rc2 79. Rd7 Rc5+ 80. Rd5 Bb2 81. Rxc5+ 1-0

[Event "Early-Titled-Tuesday-Blitz-December-26-2023"]
[Site "Chess.com"]
[Date "2023.12.26"]
[Round "4"]
[White "jeetjain"]
[Black "wqws"]
[Result "1-0"]
[WhiteElo "2583"]
[BlackElo "2732"]
[TimeControl "180+1"]
[EndTime "8:40:16 PST"]
[Termination "jeetjain won by resignation"]

1. Nf3 Nf6 2. g3 g6 3. Bg2 Bg7 4. O-O O-O 5. d3 d5 6. Nbd2 c5 7. e4 Nc6 8. c3 d4 9. cxd4 cxd4 10. h3 e5 11. Nc4 Qc7 12. a4 Be6 13. b3 Rad8 14.
Ba3 Rfe8 15. Rc1 h6 16. Ncxe5 Nd7 17. Nxd7 Qxd7 18. Kh2 g5 19. Nd2 Ne5 20. Qe2 f5 21. f4 Ng6 22. fxg5 hxg5 23. exf5 Bxf5 24. Qf3 Be6 25.
Qxb7 Bxh3 26. Rc7 Bxg2 27. Kxg2 Re2+ 28. Rf2 Nh4+ 29. gxh4 Qg4+ 30. Kf1 Rxf2+ 31. Kxf2 Qxh4+ 32. Ke2 Qg4+ 33. Qf3 Re8+ 34. Kd1 Qxf3+ 35. Nxf3 g4 36. Ne1 g3 37. Bd6 Re3 38. Re7 g2 39. Nxg2 Rxd3+ 40. Kc2 Rc3+ 41. Kb2 Rf3 42. Nh4 Rf2+ 43. Kc1 d3 44. Bb4 Bh6+ 45. Kd1 Rf4 46. Be1 d2 47. Bxd2 Rd4 48. Re2 Rxh4 49. Bxh6 Rxh6 50. Re7 Rd6+ 51. Kc2 Rc6+ 52. Kb2 a6 53. b4 Kf8 54. Re4 Kf7 55. Kb3 Kf6 56. b5 axb5 57. axb5 Rc1 58. Kb4 Kf5 59. Re8 Rb1+ 60. Ka5 Ra1+ 61. Kb6 Kf6 62. Kb7 Kf7 63. Re2 Rc1 64. b6 Kf8 65.
Ka7 Ra1+ 66. Kb8 Rb1 67. b7 Rc1 68. Ra2 Ke7 69. Ka7 1-0

[Event "Early-Titled-Tuesday-Blitz-December-26-2023"]
[Site "Chess.com"]
[Date "2023.12.26"]
[Round "4"]
[White "BardArtem"]
[Black "The_Straightforward_Rook"]
[Result "1-0"]
[WhiteElo "2704"]
[BlackElo "2524"]
[TimeControl "180+1"]
[EndTime "8:40:34 PST"]
[Termination "BardArtem won by resignation"]

1. e4 c6 2. d4 d5 3. e5 Bf5 4.
h4 h5 5. Bd3 Bxd3 6. Qxd3 e6 7.
Nf3 Qa5+ 8. Nbd2 Nh6 9. O-O Nf5 10.
a4 Qa6 11. c4 Nd7 12. b3 Bb4 13. Ba3 Bxa3 14. Rxa3 O-O 15. Rb1 c5 16. dxc5 Nxc5 17. Qe2 dxc4 18. b4 Nd3 19. Nxc4 Qxc4 20. Qxd3 Qg4 21. g3 Rfd8 22. Qe2 Rd5 23. Rc3 Rad8 24. Rbc1 Rd2 25. Qc4 Nxg3 26. Qxg4 Ne2+ 27. Kf1 hxg4 28. Nxd2 Nxc3 29. Rxc3 Rxd2 30. Rc7 a5 31. Rxb7 axb4 32.
Rxb4 Ra2 33. Rxg4 Kh7 34. Kg2 Kh6 35. Kg3 Ra3+ 36. f3 Re3 37. Re4 Ra3 38. Rb4 Kg6 39. Kg4 f5+ 40. Kf4 Ra1 41. Kg3 Ra3 42. Rb6 Kf7 43.
Rb7+ Kg6 44. Ra7 Ra1 45. a5 Ra4 46. Ra6 Kf7 47. Ra7+ Kg6 48. a6 Ra5 49. Ra8 Rxe5 50. h5+ Kh7 51. Kf4 Ra5 52. Ke3 Ra4 53. f4 Re4+ 54. Kf3 Ra4 55. Kg3 Ra5 56. Kf2 Ra3 57. Ke2 Ra4 58. Kf3 Ra3+ 59. Ke2 Ra4 60. a7 Ra3 61.
Kd2 Ra2+ 62. Kd3 Ra3+ 63. Kd4 Ra5 64. Kc4 Ra1 65. Kc5 Ra4 66. Kd6 Ra6+ 67. Ke5 Ra5+ 68. Kxe6 Ra6+ 69. Kxf5 Ra5+ 70. Ke6 Ra6+ 71. Kf7 Ra4 72.
f5 Ra5 73. h6 Rxf5+ 74. Ke6 Ra5 75. hxg7 Kxg7 76. Kd7 Ra1 77. Kc7 Rc1+ 78. Kb6 Rb1+ 79. Kc6 Rc1+ 80. Kb6 Rb1+ 81. Kc5 Rc1+ 82. Kd5 Rd1+ 83.
Kc4 Rc1+ 84. Kb3 Ra1 85. Kb4 Rb1+ 86. Ka3 Ra1+ 87. Kb3 Rb1+ 88. Ka2 Rf1 89. Rg8+ Kxg8 90. a8=Q+ Kg7 91. Qg2+ Kh7 92. Qxf1 1-0

[Event "Early-Titled-Tuesday-Blitz-December-26-2023"]
[Site "Chess.com"]
[Date "2023.12.26"]
[Round "4"]
[White "Kiborg95"]
[Black "Elsa167"]
[Result "0-1"]
[WhiteElo "2811"]
[BlackElo "2997"]
[TimeControl "180+1"]
[EndTime "8:40:38 PST"]
[Termination "Elsa167 won by resignation"]

1. e4 e6 2. d3 d5 3. Nd2 c5 4. g3 Nc6 5. Bg2 Nf6 6. Nh3 g6 7. O-O Bg7 8. c3 O-O 9. f4 b5 10. a4 bxa4 11. Qxa4 Qb6 12. Nf2 a5 13. g4 Ba6 14. g5 Nh5 15. exd5 exd5 16. Bxd5 Bb5 17. Nc4 Qa6 18. Qa3 Rfd8 19. Bf3 Rac8 20. Nxa5 Ne7 21.
Nb7 Qxa3 22. Rxa3 Rd7 23. c4 Bc6 24. Nxc5 Rdd8 25. Bxc6 Nxc6 26. Nce4 Nd4 27. Kg2 Ne2 28. Kf3 Nxc1 29. Rxc1 Bxb2 30. Raa1 Bxa1 31. Rxa1 Ng7 32. Nf6+ Kh8 33. Nd5 Nf5 34. Ra7 Kg7 35. Ne4 Rb8 36. Ng3 Nd4+ 37. Kg4 Rb2 38. f5 gxf5+ 39. Nxf5+ Nxf5 40. Kxf5 Rxh2 41. d4 Rh4 42. Nf4 Rxf4+ 43. Kxf4 Rxd4+ 44. Kf5 Rxc4 45. Ra6 Rc5+ 46. Kf4 Rc8 47.
Rd6 Re8 48. Ra6 Re6 49. Ra5 Kg6 50. Rb5 Rc6 51. Rd5 Rc4+ 52. Kg3 Kh5 53. Kh3 Rc3+ 54. Kg2 Kg4 55. Rd7 Rg3+ 56. Kh2 Rf3 57. Rd5 Rf5 58. Rd8 Kxg5 59. Rg8+ Kf6 60. Ra8 Kg6 61. Kg3 f6 62.
Kh4 Rf4+ 63. Kg3 Rc4 64. Rg8+ Kf5 65. Ra8 h5 66. Kh3 Rg4 67. Rh8 Rg5 68. Kh4 Kf4 69.
Ra8 Re5 70. Ra4+ Kf3 71. Ra6 Rf5 72. Ra4 Ke3 73. Ra3+ Ke4 74. Ra1 Ke5 75. Re1+ Kd6 76. Re2 Re5 77. Rf2 Ke6 78. Rf3 Kf7 79. Rg3 Rf5 80.
Rg2 Rf4+ 81. Kxh5 Ke6 82. Ra2 Re4 83. Rf2 Ke5 84. Kg6 Rg4+ 85. Kh5 f5 86. Rf1 Rg8 87.
Kh4 f4 88. Kh3 Ke4 89. Kh2 Ke3 90. Rg1 Rxg1 91. Kxg1 0-1

[Event "Early-Titled-Tuesday-Blitz-December-26-2023"]
[Site "Chess.com"]
[Date "2023.12.26"]
[Round "4"]
[White "Ali_rastbod"]
[Black "ahkashefi2800"]
[Result "1/2-1/2"]
[WhiteElo "2720"]
[BlackElo "2562"]
[TimeControl "180+1"]
[EndTime "8:41:11 PST"]
[Termination "Game drawn by repetition"]

1. e4 e5 2. Nf3 Nc6 3. Bc4 Bc5 4. c3 Nf6 5. d3 d6 6. Nbd2 a6 7. Bb3 O-O 8. O-O Ba7 9. h3 Ne7 10. Re1 Ng6 11. Nf1 Be6 12. d4 h6 13. Ng3 Re8 14. Be3 exd4 15. Bxd4 Bxb3 16. Qxb3 Bxd4 17. cxd4 b6 18.
d5 Nd7 19. Nd4 Nc5 20. Qc2 a5 21. Ndf5 Qg5 22. Qc3 Re5 23. Nd4 Rae8 24. Nf3 Qf6 25.
Nxe5 Nxe5 26. Nf5 h5 27. Nd4 Ned3 28. Re2 Rxe4 29. Rxe4 Qxf2+ 30. Kh1 Nxe4 31. Qxd3 Qxb2 32. Rf1 Nf2+ 33. Rxf2 Qxf2 34. a4 Qe1+ 35. Kh2 Qe5+ 36. Kg1 Qe1+ 37. Qf1 Qe3+ 38. Qf2 Qc1+ 39. Kh2 g6 40.
Nc6 Qd1 41. h4 Qxa4 42. Ne7+ Kg7 43. Qb2+ Kf8 44. Qf6 Qg4 45. Nc6 Kg8 46. Qd8+ Kg7 47. Qg5 Qxg5 48. hxg5 a4 49. Kg3 a3 50. Nb4 f6 51.
Kf4 Kf7 52. Na2 Kg7 53. Nc3 Kf7 54. g3 b5 55. Na2 Kg7 56. Nb4 Kf7 57. Na2 fxg5+ 58.
Kxg5 Kg7 59. Nb4 Kf7 60. Nc2 a2 61. Na1 b4 62. Nb3 Kg7 63. Na1 Kf7 64. Nb3 Ke7 65.
Kxg6 Kd7 66. Kxh5 c5 67. dxc6+ Kxc6 68. g4 Kb5 69. g5 Kc4 70. Na1 b3 71. g6 b2 72. g7 b1=Q 73. g8=Q+ Kc3 74. Qg7+ Kb4 75. Qd4+ Ka3 76. Qc3+ Ka4 77. Qc4+ Ka5 78. Qc3+ Qb4 79. Qc1 Qc5+ 80. Qxc5+ dxc5 81. Kg4 Kb4 82. Kf3 Kc3 83. Ke2 Kb2 84. Kd1 c4 85. Kd2 c3+ 86. Kd1 Kb1 87. Nc2 Kb2 88. Na1 Kb1 89. Nc2 Kb2 90. Na1 1/2-1/2

[Event "Early-Titled-Tuesday-Blitz-December-26-2023"]
[Site "Chess.com"]
[Date "2023.12.26"]
[Round "4"]
[White "Vladimir_Zakhartsov"]
[Black "Hikaru"]
[Result "1/2-1/2"]
[WhiteElo "2883"]
[BlackElo "3216"]
[TimeControl "180+1"]
[EndTime "8:42:30 PST"]
[Termination "Game drawn by 50-move rule"]

1. e4 g6 2. d4 Bg7 3. Nf3 a6 4. c4 d6 5. Nc3 Bg4 6. Be2 c5 7. dxc5 Bxc3+ 8. bxc3 dxc5 9. Qxd8+ Kxd8 10. Ne5 Be6 11. Be3 b6 12. a4 f6 13. Nd3 a5 14. Nf4 Bc8 15. Nd5 Nd7 16. Bg4 Rb8 17. Rb1 Ne5 18. Bxc8 Rxc8 19. Nxb6 Rc6 20. Ke2 e6 21.
Rb5 Ne7 22. Bxc5 Ke8 23. Bd4 g5 24. Bxe5 fxe5 25. Rhb1 Ng6 26. g3 Kf7 27. Rxa5 Rb8 28. c5 Rb7 29. Rab5 Ra7 30. a5 Kf6 31. Rd1 Rac7 32. Rd6 Ne7 33. Rxc6 Nxc6 34. a6 Ra7 35. Nc4 Rxa6 36. Rb6 Ra2+ 37. Ke3 Ne7 38. c6 Rc2 39.
Kd3 Ra2 40. c7 Ra7 41. Rb5 Rxc7 42. Nxe5 h5 43. h4 gxh4 44. gxh4 Ra7 45. Nc4 Ng6 46. Ke3 Rc7 47. Nd2 Rxc3+ 48. Kd4 Rc2 49. Nc4 Nf4 50.
Ke3 Ng2+ 51. Kd4 Nxh4 52. Rxh5 Nf3+ 53. Ke3 Rc3+ 54. Kf4 Nd4 55. Ne3 Ra3 56. e5+ Kg6 57.
Rg5+ Kf7 58. Rh5 Ra4 59. Kg3 Ne2+ 60. Kf3 Nd4+ 61. Kg2 Kg6 62. Rh8 Nc6 63. Rg8+ Kf7 64. Rc8 Nxe5 65. Rc7+ Kf6 66. Rh7 Ng6 67. Rh6 Kg5 68.
Rh7 Ra1 69. Rb7 Nh4+ 70. Kg3 Rg1+ 71. Kh3 Ng6 72. Rg7 Kf6 73. Ra7 Nf4+ 74. Kh2 Rg8 75. Ra6 Nd3 76. f3 Ne5 77. f4 Nf3+ 78. Kh3 Nd4 79.
Rd6 Nf5 80. Nxf5 Kxf5 81. Rd4 Rg4 82. Rd6 Rxf4 83. Kg3 e5 84. Rd8 Ke4 85. Ra8 Rf3+ 86.
Kg2 Rd3 87. Kf2 Rd2+ 88. Ke1 Ke3 89. Ra3+ Rd3 90. Ra4 e4 91. Ra2 Rb3 92. Re2+ Kf4 93. Rf2+ Rf3 94. Rh2 Ra3 95. Rb2 Rh3 96. Rf2+ Ke3 97.
Re2+ Kd4 98. Rd2+ Kc3 99. Rg2 Rd3 100. Rg8 Kd4 101. Ke2 Re3+ 102. Kd2 Rd3+ 103. Ke2 Ra3 104. Rd8+ Ke5 105. Re8+ Kf4 106. Rf8+ Kg5 107. Rg8+ Kf6 108. Rf8+ Ke7 109. Rf4 Ra4 110. Ke3 Ra8 111. Rxe4+ Kd6 112. Rd4+ Kc5 113. Re4 Rh8 114. Rf4 Rh3+ 115. Rf3 Rh8 116. Rf4 Kd5 117. Kf3 Ra8 118. Rf5+ Kd4 119. Rf4+ Kd3 120. Rf5 Rd8 121. Kf4 Rd4+ 122. Ke5 Ra4 123. Ke6 Ke4 124. Re5+ Kf4 125. Rf5+ Kg4 126. Rd5 Ra8 127. Ke5 Kf3 128. Rd3+ Kg4 129. Rd6 Ra5+ 130. Rd5 Ra1 131. Rd4+ Kg5 132. Rd5 Re1+ 133. Kd6+ Kf6 134. Rd4 Kf7 135. Rf4+ Ke8 136. Kd5 Rd1+ 137. Rd4 Ra1 138. Re4+ Kd7 139. Ke5 Ra5+ 140. Kf4 Kd6 141. Rd4+ Ke6 142. Re4+ Kf6 143. Ke3 Rh5 144. Rf4+ Ke5 145. Re4+ Kd5 146. Rd4+ Kc5 147. Rf4 Rh3+ 148. Rf3 Rh1 149. Kf4 Kd5 150. Rd3+ Ke6 151. Re3+ Kf6 152. Rf3 Ra1 153. Ke4+ Ke6 154. Re3 Ra4+ 155. Kf3+ Kf5 156. Rd3 Rh4 157. Rd5+ Ke6 158. Rd3 Rb4 159. Re3+ Kf6 160. Rd3 Rb8 161. Ke4 1/2-1/2

[Event "Early-Titled-Tuesday-Blitz-December-26-2023"]
[Site "Chess.com"]
[Date "2023.12.26"]
[Round "5"]
[White "combidharma"]
[Black "jeetjain"]
[Result "1-0"]
[WhiteElo "2784"]
[BlackElo "2579"]
[TimeControl "180+1"]
[EndTime "8:51:00 PST"]
[Termination "combidharma won by resignation"]

1. e4 d6 2. d4 g6 3. Nc3 Bg7 4. Be3 c6 5. Qd2 Nd7 6. O-O-O b5 7. Kb1 Bb7 8. f3 e5 9. g4 h5 10. g5 Ne7 11. dxe5 dxe5 12. Nh3 Qc7 13. Bxb5 cxb5 14. Nxb5 Qc6 15. Nd6+ Kf8 16. Nxb7 Qxb7 17. Qxd7 Qxd7 18. Rxd7 Nc6 19. Rhd1 Nd4 20. c3 Nxf3 21. Rf1 1-0

[Event "Early-Titled-Tuesday-Blitz-December-26-2023"]
[Site "Chess.com"]
[Date "2023.12.26"]
[Round "5"]
[White "The_Straightforward_Rook"]
[Black "jacky72"]
[Result "0-1"]
[WhiteElo "2521"]
[BlackElo "2807"]
[TimeControl "180+1"]
[EndTime "8:51:50 PST"]
[Termination "jacky72 won by resignation"]

1. e4 e6 2. d4 d5 3. e5 c5 4.
c3 Nc6 5. Nf3 f6 6. Bd3 cxd4 7.
cxd4 Bb4+ 8. Nc3 Nge7 9. exf6 gxf6 10. Bh6 Qa5 11. Bg7 Rg8 12. Bxf6 Rxg2 13. Kf1 Rg8 14.
Bxh7 Rf8 15. Bxe7 Nxe7 16. Ne5 Bxc3 17. bxc3 Qxc3 18. Rc1 Qh3+ 19. Ke1 Qxh7 20. Qa4+ Nc6 21. Rxc6 Qe4+ 22. Kd2 Rxf2+ 23. Kc3 Qe3+ 0-1

[Event "Early-Titled-Tuesday-Blitz-December-26-2023"]
[Site "Chess.com"]
[Date "2023.12.26"]
[Round "5"]
[White "rquery98"]
[Black "AlexanderL"]
[Result "1-0"]
[WhiteElo "2763"]
[BlackElo "2846"]
[TimeControl "180+1"]
[EndTime "8:52:44 PST"]
[Termination "rquery98 won by resignation"]

1. Nf3 e6 2. g3 b6 3. Bg2 Bb7 4. O-O Nf6 5. d3 d5 6. Nbd2 Be7 7. e4 dxe4 8. dxe4 Nxe4 9. Ne5 f5 10. Bxe4 Bxe4 11.
Qh5+ g6 12. Nxg6 hxg6 13. Qxh8+ Bf8 14. Nxe4 fxe4 15. Bh6 Nd7 16. Rad1 Qe7 17. Bxf8 Nxf8 18. Qe5 Kf7 19. Qxe4 Re8 20. Rfe1 Nd7 21. Re3 Nf6 22. Rf3 e5 23. Qh4 Kg7 24. Rxf6 1-0

[Event "Early-Titled-Tuesday-Blitz-December-26-2023"]
[Site "Chess.com"]
[Date "2023.12.26"]
[Round "5"]
[White "artin10862"]
[Black "GoltsevDmitry2000"]
[Result "1-0"]
[WhiteElo "2929"]
[BlackElo "2699"]
[TimeControl "180+1"]
[EndTime "8:52:46 PST"]
[Termination "artin10862 won by resignation"]

1. d4 e6 2. Nf3 d5 3. g3 Nf6 4. Bg2 c5 5. O-O Nc6 6. b3 Bd6 7. Bb2 Qe7 8. c4 O-O 9. cxd5 exd5 10. Nc3 Be6 11. Nb5 Bb8 12. Ba3 b6 13. Rc1 Nd7 14. Nc3 Nf6 15. dxc5 bxc5 16. Na4 Ne4 17. Nxc5 Bd6 18.
Nxe6 fxe6 19. Rxc6 Bxa3 20. Nd4 Rf6 21. Nxe6 Qd7 22.
Bxe4 Qxc6 23. Bxd5 Qd6 24. Ng5+ 1-0

[Event "Early-Titled-Tuesday-Blitz-December-26-2023"]
[Site "Chess.com"]
[Date "2023.12.26"]
[Round "5"]
[White "SmirnovTimofey2000"]
[Black "severomorskij"]
[Result "0-1"]
[WhiteElo "2021"]
[BlackElo "2866"]
[TimeControl "180+1"]
[EndTime "8:52:53 PST"]
[Termination "severomorskij won by resignation"]

1. d4 Nf6 2. Bf4 e6 3. e3 Be7 4. Nd2 c5 5. c3 Nc6 6. h3 O-O 7. Ngf3 b6 8. Bd3 Bb7 9. O-O cxd4 10. exd4 Nd5 11. Bh2 f5 12. Ne5 Nxe5 13. Bxe5 d6 14. Bh2 Rf6 15. Be2 Rg6 16. Bf3 Qd7 17. a4 Bg5 18.
Nc4 Bf4 19. Bxf4 Nxf4 20. Bxb7 Qxb7 21. Ne3 Nxg2 0-1

[Event "Early-Titled-Tuesday-Blitz-December-26-2023"]
[Site "Chess.com"]
[Date "2023.12.26"]
[Round "5"]
[White "snowlord"]
[Black "YurasovMat-2012"]
[Result "1-0"]
[WhiteElo "2910"]
[BlackElo "2525"]
[TimeControl "180+1"]
[EndTime "8:52:55 PST"]
[Termination "snowlord won by checkmate"]

1. d4 d5 2. c4 c6 3. Nf3 Nf6 4. Qc2 dxc4 5. e4 b5 6. Be2 g6 7. O-O Bg7 8. b3 cxb3 9. axb3 O-O 10. Rd1 Bb7 11. Nc3 Nbd7 12. e5 Ne8 13. h4 Nc7 14. h5 Re8 15. Ne4 Nb6 16. hxg6 hxg6 17. Neg5 Qd7 18.
Nxf7 Kxf7 19. Ng5+ Kg8 20. Qxg6 e6 21. Ba3 Re7 22.
Rd3 c5 23. Rh3 b4 24. Rh8+ Kxh8 25. Qh7# 1-0

[Event "Early-Titled-Tuesday-Blitz-December-26-2023"]
[Site "Chess.com"]
[Date "2023.12.26"]
[Round "5"]
[White "Alexander_Donchenko"]
[Black "BogdanDeac"]
[Result "1/2-1/2"]
[WhiteElo "2919"]
[BlackElo "3009"]
[TimeControl "180+1"]
[EndTime "8:52:56 PST"]
[Termination "Game drawn by agreement"]

1. Nf3 d5 2. g3 Nd7 3. d4 Ngf6 4. Bg2 e6 5. O-O Be7 6. c4 O-O 7. Qc2 c6 8. b3 b6 9. Nc3 Ba6 10. Bb2 Rc8 11. cxd5 cxd5 12. Rfc1 Ne4 13. Qd1 Nxc3 14. Rxc3 Rxc3 15. Bxc3 Qb8 16. Rc1 Ba3 17. Rc2 Rc8 18.
e3 Qc7 19. Ne1 Qd8 20. Bd2 Bd6 21. Qc1 Rxc2 22. Qxc2 Qc7 23. Qxc7 Bxc7 24. Bf1 Bb7 25. Nd3 1/2-1/2

[Event "Early-Titled-Tuesday-Blitz-December-26-2023"]
[Site "Chess.com"]
[Date "2023.12.26"]
[Round "5"]
[White "hsd2016"]
[Black "Dewarfd"]
[Result "1-0"]
[WhiteElo "2253"]
[BlackElo "2087"]
[TimeControl "180+1"]
[EndTime "8:53:14 PST"]
[Termination "hsd2016 won by resignation"]

1. e4 c5 2. Nf3 e6 3. d4 cxd4 4.
Nxd4 a6 5. Bd3 Qc7 6. O-O Nc6 7. Nxc6 Qxc6 8. Nc3 b5 9. e5 Bb7 10. Be4 Qc7 11.
Bxb7 Qxb7 12. Re1 d6 13. exd6 Rd8 14. Ne4 Qc6 15. Bg5 f6 16. Bf4 e5 17. Bxe5 fxe5 18. Qh5+ Kd7 19. Qf5+ Ke8 20. Qxe5+ Kd7 21. Qf5+ Ke8 22.
Nf6+ Kf7 23. Nxg8+ 1-0